 Dungeon Crawl Stone Soup version 0.23.2-1-ga50397a (webtiles) character file.

Game seed: 9142816656222532255

19567 troglodite the Reanimator (level 12, 0/77 HPs)
             Began as a Demonspawn Necromancer on May 16, 2019.
             Was a Follower of Hepliaklqana.
             Slain by a sixfirhy (3 damage)
             ... summoned by an orc sorcerer
             ... while paralysed by an orc sorcerer
             ... on level 2 of the Orcish Mines.
             The game lasted 01:45:28 (19368 turns).

troglodite the Reanimator (Demonspawn Necromancer) Turns: 19368, Time: 01:45:28

Health: 0/77       AC: 16    Str: 12    XL:     12   Next: 37%
Magic:  0/25       EV:  2    Int: 16    God:    Hepliaklqana [*.....]
Gold:   1230       SH:  0    Dex: 16    Spells: 11/30 levels left

rFire    + . .     SeeInvis .   B - +6 whip "Beetle's Death Toll" {slash, rElec rF+}
rCold    . . .     Gourm    .   I - +0 buckler
rNeg     . . .     Faith    .   u - +4 ring mail of Baldness {rElec}
rPois    .         Spirit   +   P - +0 hat
rElec    +         Reflect  +   j - +1 cloak
rCorr    .         Harm     .   p - +2 pair of gloves
MR       .....                  (no boots)
Stlth    +++.......             O - +3 amulet of reflection
HPRegen  0.22/turn              o - ring of wizardry
MPRegen  0.38/turn              J - ring of stealth

@: paralysed, lightly drained
A: reduced essence, horns 1, icy blue scales 1, demonic guardian 1, magic
shield, magic regeneration, magic link
a: Recall Ancestor, Ancestor Identity, Renounce Religion


You were on level 2 of the Orcish Mines.
You worshipped Hepliaklqana.
Hepliaklqana was aware of your devotion.
You were not hungry.

You visited 3 branches of the dungeon, and saw 13 of its levels.

You collected 1230 gold pieces.

Inventory:

Hand Weapons
 i - a +2 hand axe of chopping
 B - the +6 whip "Beetle's Death Toll" (weapon) {slash, rElec rF+}
   (You found it on level 7 of the Dungeon)

   It inflicts extra damage upon your enemies.
   It protects you from fire.
   It insulates you from electricity.
 C - a +4 hunting sling of flaming
Missiles
 D - 90 sling bullets
 L - 145 stones (quivered)
Armour
 j - a +1 cloak (worn)
 p - a +2 pair of gloves (worn)
 u - the +4 ring mail of Baldness (worn) {rElec}
   (You found it on level 5 of the Dungeon)

   It insulates you from electricity.
 H - a +0 shield
 I - a +0 buckler (worn)
 N - a +1 troll leather armour
 P - a +0 hat (worn)
Jewellery
 o - a ring of wizardry (left hand)
 G - an uncursed ring of ice
 J - a ring of stealth (right hand)
 O - a +3 amulet of reflection (around neck)
Wands
 k - a wand of random effects (54)
 A - a wand of acid (7)
 M - a wand of enslavement (15)
 Q - a wand of iceblast (9)
Scrolls
 e - 9 scrolls of teleportation
 f - a scroll of enchant weapon
 g - 2 scrolls of blinking
 h - 6 scrolls of remove curse
 n - a scroll of fog
 q - a scroll of noise {unknown}
 r - 2 scrolls of fear
 s - a scroll of silence {unknown}
 t - a scroll of random uselessness {unknown}
 x - 2 scrolls of amnesia {unknown}
 z - 5 scrolls of magic mapping
Potions
 a - 3 potions of ambrosia
 b - a potion of haste
 d - 9 potions of curing
 l - a potion of resistance
 m - 2 potions of flight
 v - a potion of brilliance
 w - 2 potions of lignification
 E - 3 potions of heal wounds
 F - 2 potions of agility
 K - 2 potions of mutation
 S - a potion of might {unknown}
Comestibles
 c - 38 rations
 R - 13 chunks of flesh


   Skills:
 * Level 5.4 Fighting
 - Level 4.7(5.5) Axes
 * Level 4.3(5.3) Maces & Flails
 + Level 2.6 Armour
 * Level 5.2 Dodging
 + Level 2.4(2.3) Stealth
 * Level 2.4 Shields
 * Level 9.6 Spellcasting
 * Level 6.2(6.1) Conjurations
 * Level 3.1 Hexes
 * Level 4.6 Charms
 * Level 2.0 Summonings
 * Level 11.2(11.1) Necromancy
 * Level 3.1 Earth Magic


You had 11 spell levels left.
You knew the following spells:

 Your Spells              Type           Power        Failure   Level  Hunger
a - Pain                  Necr           ####         1%          1    None
b - Regeneration          Chrm/Necr      ####......   1%          3    None
c - Vampiric Draining     Necr           #####.....   1%          3    None
d - Animate Dead          Necr           N/A          1%          4    ###....
e - Magic Dart            Conj           ####         1%          1    None
f - Stone Arrow           Conj/Erth      ###...       4%          3    None
g - Sandblast             Erth           ###...       2%          1    None
h - Summon Guardian Gole  Hex/Summ       ###.....     11%         3    None

Your spell library contained the following spells:

 Spells                   Type           Power        Failure   Level  Hunger
 Animate Skeleton         Necr           N/A          1%          1    None
 Confusing Touch          Hex            ###...       2%          1    None
 Flame Tongue             Conj/Fire      ###..        3%          1    None
 Summon Small Mammal      Summ           ##..         4%          1    None
 Slow                     Hex            ###.....     4%          2    None
 Throw Flame              Conj/Fire      ###...       4%          2    None
 Call Imp                 Summ           ##......     7%          2    None
 Passwall                 Tmut/Erth      ##......     9%          2    None
 Confuse                  Hex            ###.....     9%          3    None
 Conjure Flame            Conj/Fire      ###.....     9%          3    None
 Call Canine Familiar     Summ           ##......     13%         3    None
 Mephitic Cloud           Conj/Pois/Air  ##......     13%         3    None
 Blink                    Tloc           N/A          16%         2    None
 Inner Flame              Hex/Fire       ##......     16%         3    None
 Sticky Flame             Conj/Fire      ###.....     28%         4    ###....
 Gell's Gravitas          Tloc           #.........   30%         3    None
 Petrify                  Tmut/Erth      ##......     45%         4    ###....
 Summon Ice Beast         Ice/Summ       ##......     52%         4    ###....
 Summon Lightning Spire   Summ/Air       ##......     52%         4    ###....
 Fireball                 Conj/Fire      ###.......   58%         5    #####..
 Lee's Rapid Deconstruct  Erth           ###.......   58%         5    #####..
 Metabolic Englaciation   Hex/Ice        ##........   80%         5    #####..
 Yara's Violent Unravell  Hex/Tmut       ##........   80%         5    #####..


Dungeon Overview and Level Annotations

Branches:
Dungeon (10/15)            Temple (1/1) D:7            Lair (0/6) D:9
    Orc (2/2) D:9             Elf (0/3) Orc:2

Altars:
Ashenzari
Cheibriados
Dithmenos
Elyvilon
Fedhas
Gozag
Hepliaklqana
Kikubaaqudgha
Makhleb
Nemelex Xobeh
Okawaru
Qazlal
Ru
Sif Muna
Trog
Uskayaw
Vehumet
Wu Jian
Xom
Yredelemnul
Zin
The Shining One
Beogh

Shops:
D:10 *   Orc:1 %

Annotations:
D:3 3 runed translucent doors, Bodigarde's ghost, amateur TrFi
D:4 2 transporters, Borgoz's ghost, amateur MiGl
D:5 1 runed translucent door, Borgoz's ghost, amateur GrGl


Innate Abilities, Weirdness & Mutations

You have a pair of small horns on your head.
You are partially covered in icy blue scales. (AC +2)
A weak demonic guardian rushes to your aid.
When hurt, damage is shared between your health and your magic reserves.
You regenerate magic rapidly.
When low on magic, you restore magic in place of health.
Your life essence is reduced to manifest your ancestor. (-10% HP)


Message History

Beogh smites you!
The orc sorcerer hits you but does no damage.
The sixfirhy hits you. The sixfirhy shocks you. You resist.
The sixfirhy hits you. The sixfirhy shocks you. You resist.
The sixfirhy hits you but does no damage.
The sixfirhy hits you!
* * * LOW HITPOINT WARNING * * *
The sixfirhy shocks you. You resist.
* * * LOW HITPOINT WARNING * * *
The sixfirhy hits you.
* * * LOW HITPOINT WARNING * * *
The sixfirhy shocks you. You resist.
* * * LOW HITPOINT WARNING * * *
The sixfirhy hits you.
* * * LOW HITPOINT WARNING * * *
The sixfirhy shocks you. You resist.
* * * LOW HITPOINT WARNING * * *
The orc sorcerer hits you but does no damage.
The orc hits you but does no damage. The sixfirhy hits you.
You die...

##### ##....))...#.
########...######.##
#.#..#.....# ####...
#........## #..####
#.....##.# #..'...
##. ###...#..#
#..#...
#...o####o..##..#
#####...
#=.⌠oo'o#o3####..
#...#...
#....###o@## ##
#..(#.## ##. ####
##'##.#. #....#.
####### # ... o..
..# #


You could see a sixfirhy, 2 orc sorcerers, 2 orc priests and 3 orcs.

Vanquished Creatures
  A death yak (D:8)
  4 two-headed ogres
  An orc sorcerer (Orc:1)
  A cyclops (Orc:2)
  A manticore (D:8)
  3 trolls (D:8)
  A merfolk (D:8)
  A queen bee (D:9)
  2 hippogriffs (D:8)
  A wyvern (D:8)
  A hungry ghost (D:8)
  A hog (D:8)
  Edmund (D:5)
  2 wargs
  3 porcupines (D:9)
  21 orc warriors
  A sky beast (D:9)
  8 black bears (D:8)
  2 necrophages
  3 phantoms
  3 ice beasts
  9 ogres
  A centaur (D:8)
  A big kobold (D:8)
  10 bullfrogs
  2 gnoll sergeants (D:8)
  4 scorpions
  26 killer bees
  2 wights (D:8)
  5 howler monkeys
  4 electric eels (D:8)
  A centaur zombie (D:5)
  7 hounds
  2 gnoll shamans (D:8)
  14 orc priests
  A centaur skeleton (D:7)
  7 jellies
  11 orc wizards
  An iguana (D:6)
  9 worker ants
  A worker ant zombie (D:7)
  13 gnolls
  5 adders
  A howler monkey skeleton (D:5)
  A river rat (D:9)
  An ooze (D:1)
  2 adder skeletons
  A worm (D:3)
  2 leopard geckos
  97 orcs
  8 bats
  2 giant cockroaches
  6 hobgoblins
  5 jackals (D:4)
  13 kobolds
  A quokka (D:9)
  A ball python (D:8)
  4 frilled lizards
  5 goblins
  2 jackal skeletons
  A jackal zombie (D:5)
  2 quokka zombies
  A rat (D:9)
  A plant (D:8)
355 creatures vanquished.

Vanquished Creatures (collateral kills)
  Snorg (D:10)
  2 two-headed ogres
  Joseph (D:7)
  Grinder (D:5)
  A hippogriff (D:8)
  A yak (D:8)
  A hungry ghost (D:7)
  A warg (Orc:1)
  5 orc warriors
  2 ice beasts (D:9)
  2 black bears (D:8)
  2 ogres (Orc:2)
  A phantom (D:9)
  2 centaurs (D:8)
  2 big kobolds
  3 bullfrogs
  A wyvern zombie (D:10)
  A scorpion (D:7)
  A wight (D:8)
  2 killer bees (D:10)
  A centaur zombie (D:5)
  An iron imp (D:7)
  2 orc priests
  A hound (D:8)
  4 orc wizards
  A gnoll shaman (D:9)
  An iguana (D:9)
  Terence (D:3)
  2 hell rats (D:9)
  A worker ant (D:8)
  A worker ant zombie (D:9)
  3 gnolls
  3 adders
  A dart slug (D:3)
  15 orcs
  A ball python (D:5)
  A giant cockroach (D:4)
  2 jackals (D:4)
  2 kobolds
  A bat (D:2)
  A quokka skeleton (D:4)
  A rat (D:2)
  A plant (D:8)
81 creatures vanquished.

Vanquished Creatures (others)
  29 ancestors
  A withered plant (D:5)
30 creatures vanquished.

Grand Total: 466 creatures vanquished

Notes
Turn   | Place    | Note
-------+----------+-------------------------------------------
     0 | D:1      | troglodite the Demonspawn Necromancer began the quest for
                  | the Orb.
     0 | D:1      | Reached XP level 1. HP: 13/13 MP: 3/3
   480 | D:1      | Gained mutation: A weak demonic guardian rushes to your
                  | aid. [demonic ancestry]
   480 | D:1      | Reached XP level 2. HP: 20/20 MP: 3/5
   958 | D:2      | Gained mutation: When hurt, damage is shared between your
                  | health and your magic reserves. [demonic ancestry]
   958 | D:2      | Reached XP level 3. HP: 22/25 MP: 2/6
  1591 | D:2      | Learned a level 3 spell: Regeneration
  1595 | D:2      | Learned a level 3 spell: Vampiric Draining
  1627 | D:3      | Found a runed translucent gate.
  1627 | D:3      | Found a runed translucent gate.
  1627 | D:3      | Found a runed translucent gate.
  1627 | D:3      | Noticed Terence
  1842 | D:3      | Found a glowing golden altar of the Shining One.
  1944 | D:3      | Found an opulent altar of Gozag.
  1947 | D:3      | Noticed Bodigarde's ghost (amateur TrFi)
  1966 | D:3      | Found a white marble altar of Elyvilon.
  1979 | D:3      | Reached skill level 5 in Necromancy
  2012 | D:3      | Reached skill level 1 in Fighting
  2352 | D:3      | Reached XP level 4. HP: 32/32 MP: 6/8
  2376 | D:3      | Killed Terence
  2616 | D:4      | Found a transporter.
  2616 | D:4      | Noticed an ogre
  2616 | D:4      | Noticed an ice beast
  2962 | D:4      | Found a transporter.
  3127 | D:4      | Gained mutation: You have a pair of small horns on your
                  | head. [demonic ancestry]
  3127 | D:4      | Reached XP level 5. HP: 34/37 MP: 6/10
  3131 | D:4      | Noticed Borgoz's ghost (amateur MiGl)
  3261 | D:4      | Killed an ice beast
  3261 | D:4      | Reached skill level 1 in Axes
  3334 | D:4      | Reached skill level 1 in Charms
  3334 | D:4      | Reached XP level 6. HP: 28/43 MP: 1/11
  4007 | D:5      | Entered Level 5 of the Dungeon
  4027 | D:5      | Learned a level 4 spell: Animate Dead
  4029 | D:5      | Learned a level 1 spell: Magic Dart
  4079 | D:5      | Reached skill level 6 in Necromancy
  4131 | D:5      | Found an ornate altar of the Wu Jian Council.
  4187 | D:5      | Reached XP level 7. HP: 41/49 MP: 7/13
  4304 | D:5      | Noticed Edmund
  4347 | D:5      | Killed Edmund
  4347 | D:5      | Reached skill level 1 in Conjurations
  4853 | D:5      | Noticed Borgoz's ghost (amateur GrGl)
  4859 | D:5      | Found a runed translucent door.
  4981 | D:5      | Got a scorched ring mail
  5013 | D:5      | Identified the +4 ring mail of Baldness {rElec} (You found
                  | it on level 5 of the Dungeon)
  5206 | D:5      | Noticed Grinder
  5223 | D:5      | Killed Grinder
  5223 | D:5      | Reached skill level 5 in Spellcasting
  5342 | D:6      | Gained mutation: You regenerate magic rapidly. [demonic
                  | ancestry]
  5342 | D:6      | Reached XP level 8. HP: 47/57 MP: 5/15
  5651 | D:6      | Reached skill level 7 in Necromancy
  5698 | D:6      | Found a deep blue altar of Sif Muna.
  5877 | D:6      | Reached skill level 1 in Armour
  6214 | D:7      | Found a staircase to the Ecumenical Temple.
  6266 | Temple   | Entered the Ecumenical Temple
  6355 | Temple   | Became a worshipper of Hepliaklqana the Forgotten
  6494 | D:7      | Found a burning altar of Makhleb.
  6570 | D:7      | Found a radiant altar of Vehumet.
  6584 | D:7      | Gained mutation: When low on magic, you restore magic in
                  | place of health. [demonic ancestry]
  6584 | D:7      | Reached XP level 9. HP: 42/55 MP: 18/18
  6596 | D:7      | Found a basalt altar of Yredelemnul.
  6617 | D:7      | Got a translucent whip
  6618 | D:7      | Identified the +6 whip "Beetle's Death Toll" {slash, rElec
                  | rF+} (You found it on level 7 of the Dungeon)
  6648 | D:7      | Noticed Joseph
  6662 | D:7      | Killed Joseph
  6662 | D:7      | Reached skill level 8 in Necromancy
  7011 | D:7      | Found a snail-covered altar of Cheibriados.
  7397 | D:7      | Found a shadowy altar of Dithmenos.
  7593 | D:8      | Reached skill level 1 in Maces & Flails
  7903 | D:8      | Noticed a merfolk
  7929 | D:8      | Killed a merfolk
  8125 | D:8      | Reached XP level 10. HP: 50/63 MP: 13/21
  8168 | D:8      | Reached skill level 9 in Necromancy
  8569 | D:8      | Noticed a two-headed ogre
  8803 | D:8      | Killed a two-headed ogre
  9225 | D:8      | Reached skill level 5 in Conjurations
  9683 | D:8      | Found a blossoming altar of Fedhas.
  9983 | D:8      | Learned a level 3 spell: Stone Arrow
 10275 | D:8      | Noticed a manticore
 10289 | D:8      | Killed a manticore
 10535 | D:8      | Learned a level 1 spell: Sandblast
 10729 | D:8      | Reached XP level 11. HP: 46/70 MP: 9/23
 10847 | D:8      | Reached skill level 1 in Shields
 10847 | D:8      | Reached skill level 1 in Earth Magic
 11168 | D:9      | Found a sacrificial altar of Ru.
 11287 | D:9      | Reached skill level 10 in Necromancy
 11488 | D:9      | Found an opulent altar of Gozag.
 11491 | D:9      | Reached * piety under Hepliaklqana
 11730 | D:9      | Found a roughly hewn altar of Beogh.
 11730 | D:9      | Found a staircase to the Orcish Mines.
 12006 | D:9      | Noticed a death yak
 12008 | D:9      | Found a staircase to the Lair.
 12008 | D:9      | Noticed a death yak
 12008 | D:9      | Noticed a death yak
 12258 | D:8      | Killed a death yak
 12396 | D:9      | Learned a level 3 spell: Summon Guardian Golem
 12408 | D:9      | Found a hide-covered altar of Uskayaw.
 12576 | D:9      | Found a glowing silver altar of Zin.
 13120 | D:10     | Entered Level 10 of the Dungeon
 13650 | D:10     | Reached skill level 1 in Hexes
 13689 | D:10     | Noticed a two-headed ogre
 13699 | D:10     | Killed a two-headed ogre
 13699 | D:10     | Reached skill level 5 in Dodging
 13703 | D:10     | Found Miabyuh's Assorted Antiques.
 14183 | D:9      | Reached skill level 5 in Fighting
 15461 | D:10     | Noticed Snorg
 15481 | D:10     | Killed Snorg
 15481 | D:10     | Reached skill level 1 in Summonings
 15826 | D:10     | Noticed a two-headed ogre
 15832 | D:10     | Killed a two-headed ogre
 16018 | Orc:1    | Entered Level 1 of the Orcish Mines
 16018 | Orc:1    | Found a roughly hewn altar of Beogh.
 16023 | Orc:1    | Noticed an orc sorcerer
 16655 | Orc:1    | Paralysed by an orc sorcerer for 6 turns
 17099 | Orc:1    | Paralysed by an orc sorcerer for 6 turns
 17396 | Orc:1    | Killed an orc sorcerer
 17396 | Orc:1    | Gained mutation: You are partially covered in icy blue
                  | scales. (AC +2) [demonic ancestry]
 17396 | Orc:1    | Reached XP level 12. HP: 20/77 MP: 2/25
 18118 | Orc:1    | Found Wirouniun's Food Shop.
 18240 | Orc:2    | Entered Level 2 of the Orcish Mines
 18258 | Orc:2    | Noticed a two-headed ogre
 18379 | Orc:2    | Killed a two-headed ogre
 18412 | Orc:2    | Reached skill level 11 in Necromancy
 18716 | Orc:2    | Noticed a two-headed ogre
 18728 | Orc:2    | Killed a two-headed ogre
 19137 | Orc:2    | Noticed a two-headed ogre
 19148 | Orc:2    | Killed a two-headed ogre
 19221 | Orc:2    | Found a staircase to the Elven Halls.
 19363 | Orc:2    | Paralysed by an orc sorcerer for 6 turns
 19368 | Orc:2    | HP: 3/77 [sixfirhy[an orc sorcerer] (2)]
 19368 | Orc:2    | Slain by a sixfirhy

Skill      XL: |  1  2  3  4  5  6  7  8  9 10 11 12 |
---------------+-------------------------------------+-----
Dodging        | 2 3 4 5 |  5.2
Necromancy     | 5 6 7 8 9 10 11 | 11.2
Fighting       | 1 2 3 4 5 |  5.4
Spellcasting   | 3 4 5 6 7 8 9 |  9.6
Axes           | 1 2 3 4 |  4.7
Charms         | 1 2 3 4 |  4.6
Stealth        | 2 |  2.4
Conjurations   | 1 3 4 5 6 |  6.2
Armour         | 1 2 |  2.6
Maces & Flails | 1 3 4 |  4.3
Shields        | 2 |  2.4
Earth Magic    | 2 3 |  3.1
Hexes          | 2 3 |  3.1
Summonings     | 1 2 |  2.0

Action                   |  1- 3 |  4- 6 |  7- 9 | 10-12 || total
-------------------------+-------+-------+-------+-------++-------
Melee: Unarmed           |     8 |       |       |       ||     8
       Hand axe          |    14 |    42 |   119 |       ||   175
       Headbutt          |       |     2 |    29 |    99 ||   130
       Whip              |       |       |    37 |   547 ||   584
 Cast: Pain              |    66 |    67 |   178 |   363 ||   674
       Magic Dart        |       |       |    20 |    12 ||    32
       Vampiric Draining |       |       |     4 |   118 ||   122
       Animate Dead      |       |       |     1 |     1 ||     2
       Regeneration      |       |       |     2 |     2 ||     4
Invok: Recall Ancestor   |       |       |       |     1 ||     1
  Use: Scroll            |       |     8 |     2 |    14 ||    24
 Stab: Distracted        |       |     1 |     1 |     2 ||     4
       Sleeping          |       |     2 |     1 |       ||     3
  Eat: Chunk             |     5 |     6 |    30 |    26 ||    67
       Ration            |       |       |       |     1 ||     1
Armor: Robe              |    10 |    18 |     8 |       ||    36
       Ring mail         |       |       |    87 |   365 ||   452
Dodge: Dodged            |    32 |    55 |   122 |   551 ||   760
Block: Buckler           |       |       |       |   188 ||   188
       Reflection        |       |       |       |     2 ||     2
